 Dungeon Crawl Stone Soup version 0.25.1-2-g60ff931df9 (webtiles) character file.

Game seed: 3958583503903663924

184 Erymatos the Chopper (level 5, 0/70 HPs)
             Began as a Minotaur Berserker on Nov 10, 2020.
             Was a Believer of Trog.
             Succumbed to an orc's poison
             ... on level 3 of the Dungeon.
             The game lasted 00:02:42 (2544 turns).

Erymatos the Chopper (Minotaur Berserker)           Turns: 2544, Time: 00:02:43

Health: 0/70       AC: 22    Str: 23    XL:     5   Next: 36%
Magic:  4/4        EV:  2    Int:  4    God:    Trog [**....]
Gold:   169        SH:  3    Dex:  9    Spells: 4/4 levels left

rFire    . . .     SeeInvis .   a - +0 hand axe
rCold    . . .     Gourm    .   k - +0 buckler
rNeg     + + +     Faith    .   (armour currently unavailable)
rPois    +         Spirit   .   (helmet currently unavailable)
rElec    .         Reflect  .   (cloak currently unavailable)
rCorr    .         Harm     .   (gloves currently unavailable)
MR       .....     NoTele   +   (boots currently unavailable)
Stlth    +.........             (no amulet)
HPRegen  0.21/turn              (no ring)
MPRegen  0.09/turn              (no ring)

@: lethally poisoned (0 -> -3), tree-form, berserk cooldown, stab, slowed, very
slow
A: (retaliatory headbutt)
a: Berserk, Trog's Hand, Renounce Religion


You were on level 3 of the Dungeon.
You worshipped Trog.
Trog was pleased with you.
You were very hungry.
You were a tree.
You visited 1 branch of the dungeon, and saw 3 of its levels.

You collected 169 gold pieces.

Inventory:

Hand Weapons
 a - a +0 hand axe (weapon)
Armour
 b - a +0 animal skin (melded)
 k - a +0 buckler (worn)
Scrolls
 e - a scroll of blinking {unknown}
 g - a scroll of magic mapping {unknown}
 l - a scroll of enchant weapon {unknown}
 n - 2 scrolls of identify {unknown}
Potions
 d - a potion of magic {unknown}
 h - a potion of might {unknown}
 i - 4 potions of flight {unknown}
 j - a potion of lignification
 o - a potion of curing {unknown}
Comestibles
 c - 10 rations
 m - 4 chunks of flesh


   Skills:
 + Level 4.6 Fighting
 + Level 5.3 Axes
 + Level 2.8 Armour
 + Level 3.2 Dodging
 - Level 0.6 Stealth
 * Level 1.9 Shields


You had 4 spell levels left.
You didn't know any spells.
Your spell library was empty.

Dungeon Overview and Level Annotations

Branches:
Dungeon (3/15)

Altars:
Dithmenos
Hepliaklqana
Makhleb


Innate Abilities, Weirdness & Mutations

((You reflexively headbutt those who attack you in melee.))
((You have a pair of horns on your head.))


Message History

* * * LOW HITPOINT WARNING * * *
You feel sick.
You are no longer berserk.
You are exhausted.
You feel yourself slow down.
* * * LOW HITPOINT WARNING * * *
You feel sick.
It was a potion of stabbing.
You feel ready to backstab.
* * * LOW HITPOINT WARNING * * *
You feel sick.
It was a potion of lignification.
You turn into a tree.
Your +0 animal skin melds into your body.
Your roots penetrate the ground.
* * * LOW HITPOINT WARNING * * *
You feel sick.
You are feeling very hungry.
* * * LOW HITPOINT WARNING * * *
You feel sick.
You die...

#.##### # ###.....#
. .......## .
....... . .....# #
....# #. # #))# .
#.##.#♣)# #......$#
#.##.##.#
........###
##>.......# ..
###.....##.# ...
....##.##.#######.
#... #
##..##............
###....
#.##..#####.########


There were no monsters in sight!

Vanquished Creatures
  An orc wizard (D:3)
  2 orc priests (D:3)
  2 adders (D:2)
  An ooze (D:2)
  3 worms
  4 dart slugs
  2 leopard geckos (D:3)
  2 orcs (D:3)
  A ball python (D:1)
  A goblin (D:1)
  8 hobgoblins
  5 jackals
  7 kobolds
  A quokka (D:3)
  5 bats
  4 frilled lizards
  6 rats
55 creatures vanquished.

Notes
Turn   | Place    | Note
-------+----------+-------------------------------------------
     0 | D:1      | Erymatos the Minotaur Berserker began the quest for the
                  | Orb.
     0 | D:1      | Reached XP level 1. HP: 19/19 MP: 0/0
   342 | D:1      | Reached XP level 2. HP: 27/27 MP: 1/1
   474 | D:1      | Reached skill level 4 in Axes
   746 | D:2      | Found a shadowy altar of Dithmenos.
  1001 | D:2      | Reached XP level 3. HP: 33/33 MP: 2/2
  1736 | D:2      | Reached ** piety under Trog
  1970 | D:2      | Found a hazy altar of Hepliaklqana.
  2011 | D:3      | Reached XP level 4. HP: 22/41 MP: 3/3
  2260 | D:3      | Found a burning altar of Makhleb.
  2307 | D:3      | Found a faded altar of an unknown god.
  2466 | D:3      | Reached skill level 1 in Shields
  2528 | D:3      | Reached skill level 5 in Axes
  2530 | D:3      | Reached XP level 5. HP: 10/47 MP: 4/4
  2540 | D:3      | HP: 2/47 [poisoned by an orc]
  2544 | D:3      | Succumbed to an orc's poison

Illustrated notes

Levels and vault maps discovered:
D:1:      heliophobic_arrival_glass_houses, layout_rooms, minmay_hexomino_p4
D:2:      layout_basic, lemuel_coloured_pillars_altar,
          nicolae_dithmenos_through_a_glass_darkly, first_ration
D:3:      layout_loops_cross, lightli_temple_of_fire,
          chequers_ecumenical_altar_simple_redux, kennysheep_jessica_study

Skill      XL: |  1  2  3  4 |
---------------+-------------+-----
Fighting       | 4 |  4.6
Axes           | 4 5 |  5.3
Shields        | 1 |  1.9
Dodging        | 3 |  3.2
Armour         | |  2.8
Stealth        | |  0.6

Action                   |  1- 3 |  4- 6 || total
-------------------------+-------+-------++-------
Melee: Hand axe          |    69 |    46 ||   115
       Headbutt          |    12 |     4 ||    16
Invok: Berserk           |     2 |     1 ||     3
  Use: Potion            |       |     2 ||     2
 Stab: Sleeping          |       |     1 ||     1
  Eat: Chunk             |     4 |     3 ||     7
Armor: Animal skin       |    10 |     6 ||    16
Dodge: Dodged            |    40 |    26 ||    66
Block: Buckler           |     1 |     8 ||     9
